Replay - Pressure #2 - Same Style, Different Flavor

Build Order

Get SALT Encoding   

  12  0:00  Probe (Chrono Boost)  
  13  0:11  Probe (Chrono Boost)  
  14  0:17  Pylon  
  14  0:22  Probe (Chrono Boost)  
  16  0:35  Probe (Chrono Boost)  
  16  0:36  Gateway  
  16  0:43  Assimilator  
  16  0:46  Probe (Chrono Boost)  
  18  0:57  Probe (Chrono Boost)  
  18  1:08  Probe (Chrono Boost)  
  19  1:19  Nexus  
  19  1:27  Cybernetics Core  
  19  1:31  Probe (Chrono Boost)  
  20  1:37  Assimilator  
  20  1:43  Probe (Chrono Boost)  
  20  1:46  Pylon  
  21  1:53  Probe (Chrono Boost)  
  22  2:05  Mothership Core (Chrono Boost)  
  24  2:10  Adept (Chrono Boost)  
  24  2:12  Pylon  
  26  2:24  Probe (Chrono Boost)  
  27  2:31  Probe (Chrono Boost)  
  27  2:34  Probe (Chrono Boost)  
  29  2:42  Probe (Chrono Boost)  
  29  2:43  Stargate  
  30  2:45  Probe (Chrono Boost)  
  30  2:50  Adept  
  33  2:52  Probe (Chrono Boost)  
  33  2:55  Probe (Chrono Boost)  
  35  3:03  Probe (Chrono Boost)  
  36  3:06  Probe (Chrono Boost)  
  36  3:09  Pylon  
  36  3:10  Pylon  
  36  3:11  Pylon  
  36  3:20  Probe x2 (Chrono Boost)  
  38  3:27  Oracle (Chrono Boost)  
  38  3:32  Probe (Chrono Boost)  
  42  3:35  Probe (Chrono Boost)  
  43  3:43  Probe  
  43  3:45  Probe  
  43  3:46  Gateway x2  
  43  3:47  Warp Gate  
  43  3:49  Gateway  
  43  3:55  Probe  
  44  3:59  Probe  
  44  4:00  Oracle (Chrono Boost)  
  46  4:03  Assimilator  
  46  4:07  Probe  
  47  4:10  Assimilator, Probe  
  47  4:16  Pylon  
  48  4:20  Mothership Core (Chrono Boost)  
  48  4:21  Pylon  
  48  4:23  Probe (Chrono Boost)  
  51  4:24  Pylon  
  51  4:35  Oracle, Probe (Chrono Boost)  
  54  4:41  Probe (Chrono Boost)  
  56  4:47  Probe (Chrono Boost)  
  56  4:51  Probe (Chrono Boost)  
  58  4:59  Probe (Chrono Boost)  
  59  5:01  Pylon  
  59  5:02  Probe (Chrono Boost)  
  59  5:05  Twilight Council, Forge  
  59  5:06  Oracle, Robotics Facility  
  65  5:18  Nexus  
  65  5:19  Probe (Chrono Boost)  
  65  5:21  Pylon  
  65  5:22  Probe (Chrono Boost)  
  65  5:30  Probe (Chrono Boost)  
  65  5:34  Probe (Chrono Boost)  
  64  5:37  Oracle  
  64  5:40  Probe (Chrono Boost)  
  64  5:41  Blink (Chrono Boost)  
  64  5:42  Gateway  
  65  5:43  Gateway  
  65  5:44  Probe (Chrono Boost)  
  66  5:51  Probe  
  66  5:56  Probe  
  68  6:02  Stalker x2  
  68  6:03  Probe  
  73  6:08  Probe  
  73  6:10  Warp Prism (Chrono Boost)  
  76  6:14  Oracle  
  76  6:15  Probe  
  76  6:18  Stalker  
  82  6:21  Probe  
  83  6:27  Probe  
  83  6:32  Stalker  
  77  6:33  Stalker, Probe  
  77  6:34  Stalker  
  77  6:36  Probe  
  77  6:39  Probe  
  84  6:45  Probe  
  84  6:46  Probe  
  85  6:47  Pylon  
  85  6:52  Probe  
  86  6:55  Stalker x2  
  86  6:56  Stalker  
  92  7:06  Warp Prism (Chrono Boost)  
  92  7:08  Stalker x2  
  96  7:17  Stalker  
  96  7:18  Gateway  
  96  7:20  Gateway  
  98  7:23  Pylon  
  98  7:27  Stalker  
  100  7:30  Pylon  
  100  7:32  Pylon  
  100  7:34  Assimilator  
  96  7:38  Assimilator  
  96  7:41  Stalker x5  
  101  7:55  Immortal  
  101  7:56  Stalker  
  97  7:59  Resonating Glaives  
  97  8:02  Stalker x3  
  97  8:04  Probe x2  
  105  8:08  Stalker x2  
  105  8:12  Probe  
  110  8:16  Probe x2  
  112  8:23  Adept x2  
  112  8:24  Adept x4  
  118  8:40  Stalker x2  
  116  8:54  Stalker x6  
  117  9:03  Adept  
  117  9:04  Adept  
  117  9:07  Nexus  
  118  9:16  Forge  
  120  9:17  Forge, Adept x2  
  120  9:19  Adept x2  
  120  9:20  Probe  
  120  9:22  Pylon, Probe  
  110  9:41  Stalker x4  
  110  9:42  Stalker x3  
  118  9:53  Probe x2  
  118  9:59  Probe  
Spawning Tool Build Advisor. Get it on Overwolf

Go to:

Details

  • Created by: PeterLiu
  • Published on: Mar 05, 2016
  • Modified on: Mar 05, 2016
  • Patch: Pre-3.8.0
Show
View Real Time Build Order
Export as new Build Order

Comments (0)

There are no comments. Be the first!

Create an account to comment!